cohdb
Replays
Latest Replays
All Replays
Popular Replays
Top Player Replays
Match Explorer
How It Works
Community
CoH3 Stats
Reddit
Sign in to upload your games and track your stats! →
Sign in with Steam
Match 39476595
Unlisted
Match 39476595
Overview
Messages
Build Orders
End
Construct Infanterie Kompanie
Selects Breakthrough Battlegroup
Selects Assault Grenadiers
MG 42 Machine Gun Team
GrW 34 Mortar Team
MG 42 Machine Gun Team
Pioneer Squad
Selects 2.5-tonne Cargo Truck
2.5-tonne Cargo Truck
Construct Luftwaffe Kompanie
2.5-tonne Cargo Truck
Flak 30 Anti-aircraft Gun Team
Selects Smoke Bombing Run
Smoke Bombing Run
Construct Panzer Kompanie
2.5-tonne Cargo Truck
Selects Incendiary Bombing Run
Incendiary Bombing Run
Panzer IV Medium Tank
Panzer Officer Quarters
Side Skirts
Smoke Bombing Run
书院三师姐
神
Flobby
QWQ
Kanade
alphaelf
Kakamora
Yaas
0
0
Comments
sign in to comment!
No comments posted yet!